 Dungeon Crawl Stone Soup version 0.29.1-2-gbd0b4ee654 (webtiles) character file.

Game seed: 6488103776411897593

1 Descartes the Sneak (level 1, -2/9 HPs)
             Began as a Spriggan Enchanter on Oct 29, 2022.
             Slain by a kobold
             ... wielding a +0 short sword
              (3 damage)
             ... on level 1 of the Dungeon.
             The game lasted 00:00:24 (75 turns).

Descartes the Sneak (Spriggan Enchanter)              Turns: 75, Time: 00:00:24

Health: -2/9       AC:  3    Str:  4    XL:     1   Next: 16%
Magic:  5/5        EV: 17    Int: 16    God:
Gold:   15         SH:  0    Dex: 15    Spells: 5/5 levels left

rFire   . . .      SeeInvis +   a - +1 dagger
rCold   . . .      Faith    .   (no shield)
rNeg    . . .      Spirit   .   b - +0 robe
rPois   .          Reflect  .   (helmet restricted)
rElec   .          Harm     .   d - +0 cloak
rCorr   .          Rampage  .   (gloves unavailable)
Will    .....                   (boots unavailable)
Stlth   +++.......              (no amulet)
HPRegen 0.03/turn               (no ring)
MPRegen 0.09/turn               (no ring)

@: very quick
A: very small, no large weapons, unfitting armour, see invisible, speed 3
a: no special abilities


You were on level 1 of the Dungeon.
You visited 1 branch of the dungeon, and saw 1 of its levels.

You collected 15 gold pieces.

Inventory:

Hand Weapons
 a - a +1 dagger (weapon)
Armour
 b - a +0 robe (worn)
 d - a +0 cloak (worn)
Scrolls
 e - a scroll of identify {unknown}
Potions
 c - 2 potions of invisibility


   Skills:
 + Level 1.1 Short Blades
 + Level 2.7 Dodging
 + Level 4.4 Stealth
 + Level 2.7 Spellcasting
 + Level 3.6 Hexes


You had 5 spell levels left.
You didn't know any spells.
Your spell library contained the following spells:

 Spells                   Type           Power      Damage    Failure   Level
 Confusing Touch          Hex            13%        N/A       13%         3
 Tukima's Dance           Hex            13%        N/A       13%         3
 Ensorcelled Hibernation  Hex/Ice        16%        N/A       14%         2
 Dazzling Flash           Conj/Hex       16%        N/A       26%         3


Dungeon Overview and Level Annotations

Branches:
Dungeon (1/15)

Altars:


Innate Abilities, Weirdness & Mutations

You are very small and have problems with some larger weapons.
You are too small for most types of armour.
You have supernaturally acute eyesight. (SInv)
You cover ground extremely quickly. (Speed+++)


Message History

You start putting on your armour.
You continue putting on your +0 cloak. x4
You finish putting on your +0 cloak.
Found a stone staircase leading down.
There is a stone staircase leading down here.
e - a scroll labelled HITHRE QAYMOIZU 2 kobolds come into view.
Found two daggers.
The kobold shouts!
The kobold shouts!
The kobold completely misses you.
You hit the kobold.
The kobold is heavily wounded.
The kobold misses you.
You hit the kobold.
The kobold is severely wounded.
The kobold misses you. x2
You hit the kobold but do no damage.
The kobold is severely wounded.
The kobold hits you with a +0 short sword.
The kobold barely misses you.
You hit the kobold.
You kill the kobold!
A bat comes into view.
The kobold hits you with a +0 short sword.
The bat moves out of view.
You are too injured to fight recklessly!
You are too injured to fight recklessly!
You are too injured to fight recklessly!
You closely miss the kobold. You barely miss the kobold.
The kobold closely misses you.
You closely miss the kobold.
The kobold hits you with a +0 short sword.
* * * LOW HITPOINT WARNING * * *
You closely miss the kobold. The kobold barely misses you.
You hit the kobold but do no damage. The kobold completely misses you.
Unknown command.
You don't know any spells.
You barely miss the kobold.
The kobold hits you with a +0 short sword.
You die...

#.# ##........# #.#
#.........#
#.###..#......#
#...#..##.#...#
.######.#....##.#...#
........>.##.##.#####
....###.####....# .
#.# ###### #@# .
#K####### ...
#......)# ....#
#.......#
#....#........
#......).# #.)......#
#......### #......#


You could see a kobold.

Vanquished Creatures
  A kobold (D:1)
1 creature vanquished.

Notes
Turn   | Place    | Note
-------+----------+-------------------------------------------
     0 | D:1      | Descartes the Spriggan Enchanter began the quest for the
                  | Orb.
     0 | D:1      | Reached XP level 1. HP: 9/9 MP: 5/5
    75 | D:1      | Slain by a kobold

Illustrated notes

Levels and vault maps discovered:
D:1:      dpeg_arrival_rooms_a, layout_basic, hellmonk_ecumenical_altar_run_dry,
          serial_curves, eino_curves_04, eino_curves_03

Action                   || total
-------------------------++-------
Melee: Dagger            ||    10
Dodge: Dodged            ||     8
